 Dungeon Crawl Stone Soup version 0.26.1-11-gd32895ea62 (webtiles) character file.

Game seed: 3976910852826214701

255 dtburroughs the Skirmisher (level 5, -7/72 HPs)
             Began as a Minotaur Berserker on June 23, 2021.
             Was a Believer of Trog.
             Mangled by Pikel
             ... wielding a +1 whip of electrocution
              (20 damage)
             ... on level 4 of the Dungeon.
             The game lasted 00:04:20 (3409 turns).

dtburroughs the Skirmisher (Minotaur Berserker)     Turns: 3409, Time: 00:04:21

Health: -7/72      AC:  7    Str: 21    XL:     5   Next: 91%
Magic:  4/4        EV: 11    Int:  5    God:    Trog [**....]
Gold:   214        SH:  0    Dex: 10    Spells: 4/4 levels left

rFire    . . .     SeeInvis .   a - +0 hand axe
rCold    . . .     Faith    .   (no shield)
rNeg     . . .     Spirit   .   i - +0 scale mail
rPois    .         Reflect  .   (helmet restricted)
rElec    .         Harm     .   (no cloak)
rCorr    .         Rampage  .   (no gloves)
Will     .....                  (no boots)
Stlth    ..........             (no amulet)
HPRegen  0.22/turn              (no ring)
MPRegen  0.09/turn              (no ring)

@: berserking, very quick
A: retaliatory headbutt, horns 2
a: Renounce Religion, Berserk, Trog's Hand


You were on level 4 of the Dungeon.
You worshipped Trog.
Trog was pleased with you.
You visited 1 branch of the dungeon, and saw 4 of its levels.

You collected 214 gold pieces.

Inventory:

Hand Weapons
 a - a +0 hand axe (weapon)
Armour
 i - a +0 scale mail (worn)
Jewellery
 l - a +6 ring of dexterity {unknown}
Scrolls
 b - 2 scrolls of identify {unknown}
 d - a scroll of fog {unknown}
 e - 2 scrolls of random uselessness {unknown}
 f - a scroll of remove curse {unknown}
 h - 2 scrolls of teleportation {unknown}
 k - a scroll of fear {unknown}
 n - a scroll of enchant weapon {unknown}
Potions
 c - 2 potions of lignification {unknown}
 g - 3 potions of curing {unknown}
 j - a potion of haste {unknown}
 m - a potion of mutation {unknown}
 o - 2 potions of heal wounds {unknown}


   Skills:
 + Level 5.0 Fighting
 + Level 5.0 Axes
 + Level 4.2 Armour
 + Level 3.9 Dodging


You had 4 spell levels left.
You didn't know any spells.
Your spell library was empty.

Dungeon Overview and Level Annotations

Branches:
Dungeon (4/15)
 Temple: D:4-7

Altars:
Dithmenos
Fedhas
Hepliaklqana

Shops:
D:4 *

Annotations:
D:4 Pikel


Innate Abilities, Weirdness & Mutations

You reflexively headbutt those who attack you in melee.
You have a pair of horns on your head.


Message History

You hit Pikel but do no damage.
Pikel is lightly wounded.
You hit the lemure but do no damage. You completely miss the lemure.
You closely miss the lemure. The lemure hits you! Pikel barely misses you.
The lemure hits you but does no damage. The lemure hits you.
You closely miss Pikel. You headbutt Pikel, but do no damage.
Pikel is lightly wounded.
You hit the lemure but do no damage. You hit the lemure.
You hit the lemure but do no damage. You hit the lemure.
The lemure barely misses you.
Pikel hits you with a +1 whip of electrocution.
You are electrocuted!
The lemure hits you.
* * * LOW HITPOINT WARNING * * *
The lemure hits you.
* * * LOW HITPOINT WARNING * * *
The lemure barely misses you.
A red film seems to cover your vision as you go berserk!
You feel yourself moving faster!
You feel mighty! Pikel hits you but does no damage.
You are electrocuted!!
You die...

.####..##..........# ..#
#..............## ..#
#.###............ .
#.###.##...........###..
........####...........
####..## #...........
#####..# #.........##
....#..#### #..5.K....?.
....#...(.###..5@5....#
......##.........5...##
.########.##.........#
≈≈≈ #####...........
≈≈≈≈ ..........### ≈.≈≈≈
#..#.......# ≈≈≈≈≈
#............( ≈≈####
#............. ≈≈≈
#...#.........


You could see Pikel and 4 lemures.

Vanquished Creatures
  An ogre (D:3)
  Jessica (D:2)
  5 adders
  An ufetubus (D:2)
  An ooze (D:3)
  2 worms
  3 dart slugs
  3 leopard geckos
  An orc (D:3)
  2 ball pythons (D:1)
  3 giant cockroaches (D:2)
  5 goblins
  8 hobgoblins
  10 jackals
  14 kobolds
  A ball python skeleton (D:3)
  6 bats
  3 frilled lizards
  7 rats
77 creatures vanquished.

Notes
Turn   | Place    | Note
-------+----------+-------------------------------------------
     0 | D:1      | dtburroughs the Minotaur Berserker began the quest for the
                  | Orb.
     0 | D:1      | Reached XP level 1. HP: 19/19 MP: 0/0
   371 | D:1      | Reached XP level 2. HP: 25/27 MP: 1/1
  1092 | D:1      | You fall into a shaft and drop 1 floor!
  1092 | D:2      | Found a shadowy altar of Dithmenos.
  1516 | D:2      | Reached XP level 3. HP: 33/33 MP: 2/2
  1754 | D:2      | Noticed Jessica
  1755 | D:2      | Killed Jessica
  1755 | D:2      | Reached ** piety under Trog
  1756 | D:2      | Reached XP level 4. HP: 41/41 MP: 3/3
  1917 | D:2      | Found a blossoming altar of Fedhas.
  2246 | D:2      | Found a hazy altar of Hepliaklqana.
  2542 | D:3      | Noticed an ogre
  2551 | D:3      | Killed an ogre
  2552 | D:3      | Reached XP level 5. HP: 47/47 MP: 4/4
  2758 | D:3      | Reached skill level 5 in Fighting
  2774 | D:3      | Reached skill level 5 in Axes
  3295 | D:4      | Found Hekhakadd's General Store.
  3398 | D:4      | Noticed a lemure
  3398 | D:4      | Noticed a lemure
  3399 | D:4      | Noticed Pikel
  3401 | D:4      | Noticed a lemure
  3402 | D:4      | Noticed a lemure
  3409 | D:4      | Mangled by Pikel

Illustrated notes

Levels and vault maps discovered:
D:1:      dpeg_arrival_long_road, layout_loops_ring, minmay_hexomino_u4
D:2:      layout_loops_ring, grunt_dithmenos_smoke, overflow_temple_1_default,
          kennysheep_big_empty_room, minmay_misc_feat_doors, fedhas_altar_2,
          uniq_jessica
D:3:      layout_basic, kennysheep_generic_room_8
D:4:      layout_rooms, serial_shops, shop, chequers_serial_rivers_large_a,
          uniq_pikel, uniq_menkaure, uniq_sigmund

Skill      XL: |  1  2  3  4  5 |
---------------+----------------+-----
Axes           | 4 5 |  5.0
Fighting       | 4 5 |  5.0
Armour         | 3 4 |  4.2
Dodging        | 3 |  3.9

Action                   |  1- 3 |  4- 6 || total
-------------------------+-------+-------++-------
Melee: Hand axe          |    88 |    81 ||   169
       Headbutt          |    13 |    18 ||    31
Invok: Berserk           |       |     1 ||     1
Armor: Animal skin       |    10 |       ||    10
       Scale mail        |    16 |    51 ||    67
Dodge: Dodged            |    58 |    72 ||   130
